 Dungeon Crawl Stone Soup version 0.18-a0-1414-gcd7f35e (webtiles) character file.

36 CopycatKevin the Sneak (level 3, 0/24 HPs)
             Began as an Octopode Assassin on Feb 25, 2016.
             Slain by a gnoll
             ... wielding a +0 club
              (5 damage)
             ... on level 2 of the Dungeon.
             The game lasted 00:04:07 (1273 turns).

CopycatKevin the Sneak (Octopode Assassin)          Turns: 1273, Time: 00:04:07

Health: 0/24       AC:  1    Str: 10    XL:     3   Next: 37%
Magic:  3/3        EV: 12    Int: 13    God:
Gold:   118        SH:  0    Dex: 14    Spells: 0 memorised, 2 levels left

rFire  . . .     SeeInvis .     a - +3 dagger
rCold  . . .     Gourm    .     (no shield)
rNeg   + . .     Faith    .     (helmet restricted)
rPois  .         Spirit   .     (no amulet)
rElec  .         Dismiss  .     e - ring of positive energy
rCorr  .         Reflect  .     (no ring)
SustAt .         Harm     .     (no ring)
MR     .....                    (no ring)
Stlth  +++++.....               (no ring)
                                (no ring)
                                (no ring)
                                (no ring)

@: not resistant to hostile enchantments, quite stealthy
A: almost no armour, amphibious, 8 rings, constrict 8, camouflage 1, gelatinous
body 1
a: no special abilities


You were on level 2 of the Dungeon.
You were not hungry.

You visited 1 branch of the dungeon, and saw 2 of its levels.

You collected 118 gold pieces.

Inventory:

Hand Weapons
 a - a +3 dagger (weapon)
 b - a +0 blowgun
Missiles
 c - 15 poisoned needles
 d - 5 curare-tipped needles
Jewellery
 e - a ring of positive energy (left tentacle)
Scrolls
 g - 2 scrolls of remove curse {unknown}
 i - 2 scrolls of noise {unknown}
 l - a scroll of amnesia {unknown}
Potions
 h - a potion of haste {unknown}
 j - 2 potions of cure mutation {unknown}
 k - a potion of degeneration {unknown}
 m - 3 potions of heal wounds {unknown}
Comestibles
 f - 3 bread rations
 n - 5 chunks of flesh


   Skills:
 + Level 2.0 Fighting
 + Level 2.2 Short Blades
 + Level 2.3 Throwing
 + Level 1.2 Dodging
 + Level 6.4 Stealth


You had 2 spell levels left.
You didn't know any spells.

Dungeon Overview and Level Annotations

Branches:
Dungeon (2/15)

Altars:


Innate Abilities, Weirdness & Mutations

You cannot wear most types of armour.
You are amphibious.
You can wear up to eight rings at the same time.
You can use your tentacles to constrict eight enemies at once.
Your skin changes colour to match your surroundings (Stealth).
Your rubbery body absorbs attacks (AC +1).


Message History

You are too injured to fight recklessly!
You are too injured to fight recklessly!
You release your grip on the gnoll.
A rat comes into view.
You hit the rat. You grab the rat.
The rat is severely wounded.
You constrict the rat.
You kill the rat!
The gnoll hits you but does no damage.
The gnoll shouts!
You hit the gnoll. You grab the gnoll. You squeeze the gnoll.
The gnoll is severely wounded.
You constrict the gnoll, but do no damage.
The gnoll hits you with a club.
* * * LOW HITPOINT WARNING * * *
You hit the gnoll but do no damage.
The gnoll is severely wounded.
You constrict the gnoll, but do no damage.
The gnoll hits you with a club.
You die...

#.#.#......##....
#......###........
###.#### ####.###.#
#.# ###.###.. #.#
#.....# #.# #.....#
. #.# #.....###..
####.####
#..........
#.......#
#@(........
#.##.##.#
#gg........ # #.##.#
#l###.###..
#..#.####.###$##
##.#.##....g.lg#
#.###.#.##..g#g#..#
#.......##........#
#####.####..##......
#..[....# ###.##


You could see 3 gnolls and a giant newt.

Vanquished Creatures
  An adder (D:2)
  A dart slug (D:1)
  2 giant cockroaches (D:1)
  A goblin (D:1)
  4 hobgoblins
  4 jackals (D:2)
  4 kobolds (D:1)
  2 bats (D:1)
  A giant newt (D:1)
  2 rats
22 creatures vanquished.

Notes
Turn   | Place    | Note
--------------------------------------------------------------
     0 | D:1      | CopycatKevin the Octopode Assassin began the quest for the Orb.
     0 | D:1      | Reached XP level 1. HP: 14/14 MP: 1/1
   447 | D:1      | Reached XP level 2. HP: 19/19 MP: 2/2
   706 | D:1      | Reached skill level 6 in Stealth
   995 | D:2      | Reached XP level 3. HP: 15/24 MP: 3/3
  1273 | D:2      | Slain by a gnoll

Vault maps used:
D:1:      lordsloth_arrival_two_stooges

Skill      XL: |  1  2 |
---------------+-------+-----
Stealth        | 6 |  6.4
Fighting       | |  2.0
Short Blades   | |  2.2
Throwing       | |  2.3
Dodging        | |  1.2

Action                   || total
-------------------------++-------
Melee: Dagger            ||    40
  Use: Scroll            ||     2
 Stab: Sleeping          ||    10
       Distracted        ||     1
  Eat: Chunk             ||     1
